 Dungeon Crawl Stone Soup version 0.21.1-1-g345015fe64 (webtiles) character file.

86 Oakleaf the Cudgeler (level 4, -1/61 HPs)
             Began as a Minotaur Berserker on July 6, 2018.
             Was a Believer of Trog.
             Slain by an orc
             ... wielding a +0 flail
              (9 damage)
             ... on level 3 of the Dungeon.
             The game lasted 00:10:49 (1969 turns).

Oakleaf the Cudgeler (Minotaur Berserker)           Turns: 1969, Time: 00:10:50

Health: -1/61      AC:  2    Str: 27    XL:     4   Next: 26%
Magic:  3/3        EV: 12    Int:  4    God:    Trog [**....]
Gold:   147        SH:  0    Dex: 10    Spells: 3/3 levels left

rFire    . . .     SeeInvis .   n - +0 flail
rCold    . . .     Gourm    .   (no shield)
rNeg     . . .     Faith    .   b - +0 animal skin
rPois    .         Spirit   .   (helmet restricted)
rElec    .         Reflect  .   (no cloak)
rCorr    .         Harm     .   (no gloves)
MR       .....                  (no boots)
Stlth    ..........             (no amulet)
HPRegen  0.20/turn              (no ring)
MPRegen  0.08/turn              (no ring)

@: berserking, drained, very quick
A: retaliatory headbutt, horns 2
a: Berserk, Trog's Hand, Burn Spellbooks, Renounce Religion


You were on level 3 of the Dungeon.
You worshipped Trog.
Trog was pleased with you.
You were very hungry.

You visited 1 branch of the dungeon, and saw 3 of its levels.

You collected 147 gold pieces.

Inventory:

Hand Weapons
 a - a +0 mace
 n - a +0 flail (weapon)
 q - a +0 mace of holy wrath
Armour
 b - a +0 animal skin (worn)
Jewellery
 k - a cursed -2 ring of evasion {unknown}
 l - an uncursed ring of fire {unknown}
Scrolls
 d - 2 scrolls of identify {unknown}
 e - a scroll of teleportation {unknown}
 f - a scroll of enchant weapon {unknown}
 g - 2 scrolls of amnesia {unknown}
 i - a scroll of enchant armour {unknown}
 p - 2 scrolls of remove curse {unknown}
 r - 2 scrolls of immolation {unknown}
Potions
 h - 3 potions of heal wounds {unknown}
 j - a potion of ambrosia {unknown}
 m - a potion of might {unknown}
 o - a potion of cancellation {unknown}
 s - a potion of magic {unknown}
Comestibles
 c - 2 rations


   Skills:
 * Level 4.8(4.7) Fighting
 * Level 5.1 Maces & Flails
 + Level 2.4 Armour
 + Level 2.5 Dodging


You had 3 spell levels left.
You didn't know any spells.

Dungeon Overview and Level Annotations

Branches:
Dungeon (3/15)

Altars:
Kikubaaqudgha
Vehumet


Innate Abilities, Weirdness & Mutations

You reflexively headbutt those who attack you in melee.
You have a pair of horns on your head.


Message History

The hobgoblin completely misses you. The orc warrior barely misses you.
There is a stone staircase leading up here.
You hit the orc but do no damage.
You are feeling hungry.
The hobgoblin misses you. The orc hits you with a flail.
The orc warrior misses you.
A red film seems to cover your vision as you go berserk!
You feel yourself moving faster!
You feel mighty!
You are feeling very hungry.
The hobgoblin misses you. The orc warrior hits you with a mace!!
The orc completely misses you.
You barely miss the orc. The hobgoblin misses you.
You closely miss the orc. The orc misses you.
The orc warrior hits you with a mace!
* * * LOW HITPOINT WARNING * * *
The hobgoblin hits you.
* * * LOW HITPOINT WARNING * * *
You completely miss the orc. Your headbutt misses the orc.
The orc hits you with a flail!
You die...

####
#####...##
#........##
#..........
#........#
#.......#
##...o...#
#..o@....#
#...g....#
#.##...#....
# #...# ..<
..### . #.#
#.# #.#


You could see an orc warrior, an orc and a hobgoblin.

Vanquished Creatures
  3 adders (D:2)
  A worm (D:2)
  6 orcs (D:2)
  2 bat zombies (D:2)
  5 giant cockroaches
  4 goblins
  A hobgoblin (D:2)
  9 kobolds
  7 bats
  A frilled lizard (D:2)
  9 rats
  2 rat zombies (D:2)
50 creatures vanquished.

Notes
Turn   | Place    | Note
-------+----------+-------------------------------------------
     0 | D:1      | Oakleaf the Minotaur Berserker began the quest for the Orb.
     0 | D:1      | Reached XP level 1. HP: 19/19 MP: 0/0
   373 | D:1      | Reached XP level 2. HP: 27/27 MP: 1/1
   459 | D:1      | Reached skill level 4 in Maces & Flails
   693 | D:2      | Found an ancient bone altar of Kikubaaqudgha.
   839 | D:2      | Reached ** piety under Trog
   867 | D:2      | Reached XP level 3. HP: 32/33 MP: 2/2
  1211 | D:2      | Found a radiant altar of Vehumet.
  1568 | D:2      | Reached skill level 5 in Maces & Flails
  1572 | D:2      | Reached XP level 4. HP: 41/41 MP: 3/3
  1801 | D:3      | Noticed an orc warrior
  1969 | D:3      | Slain by an orc

Skill      XL: |  1  2  3 |
---------------+----------+-----
Fighting       | 4 |  4.8
Maces & Flails | 4 5 |  5.1
Armour         | |  2.4
Dodging        | |  2.5

Action                   |  1- 3 |  4- 6 || total
-------------------------+-------+-------++-------
Melee: Mace              |    69 |       ||    69
       Headbutt          |     6 |       ||     6
       Flail             |     8 |    15 ||    23
Invok: Berserk           |     5 |     1 ||     6
       Trog's Hand       |     1 |       ||     1
  Eat: Chunk             |     4 |       ||     4
       Ration            |     1 |       ||     1
Armor: Animal skin       |    17 |     1 ||    18
Dodge: Dodged            |    65 |    16 ||    81
